 Dungeon Crawl Stone Soup version 0.20.1-1-g8b1a95d (webtiles) character file.

53 dohliylev the Sneak (level 3, 0/24 HPs)
             Began as a Vampire Enchanter on July 9, 2017.
             Succumbed to an adder's poison
             ... on level 2 of the Dungeon.
             The game lasted 00:05:30 (1429 turns).

dohliylev the Sneak (Vampire Enchanter)             Turns: 1429, Time: 00:05:31

Health: 0/24       AC:  2    Str: 10    XL:     3   Next: 62%
Magic:  1/6        EV: 12    Int: 18    God:
Gold:   55         SH:  3    Dex: 14    Spells: 3/6 levels left

rFire    . . .     SeeInvis +   a - +1 dagger
rCold    . . .     Gourm    .   f - +0 buckler (curse)
rNeg     + . .     Faith    .   b - +0 robe
rPois    .         Spirit   .   (no helmet)
rElec    .         Reflect  .   (no cloak)
rCorr    .         Harm     .   (no gloves)
MR       .....                  (no boots)
Stlth    +++.......             (no amulet)
Regen    0.1/turn               e - +3 ring of strength
MPRegen  0.1/turn               (no ring)

@: lethally poisoned (0 -> -10), very slightly contaminated
A: fangs 3, see invisible, unbreathing
a: Bat Form


You were on level 2 of the Dungeon.
You were not thirsty.

You visited 1 branch of the dungeon, and saw 2 of its levels.

You collected 55 gold pieces.

Inventory:

Hand Weapons
 a - a +1 dagger (weapon)
Armour
 b - a +0 robe (worn)
 f - a cursed +0 buckler (worn)
Jewellery
 e - a +3 ring of strength (left hand)
 j - an uncursed amulet of harm {unknown}
Scrolls
 g - a scroll of enchant weapon {unknown}
 h - a scroll of remove curse {unknown}
 i - a scroll of fear {unknown}
Potions
 d - 8 potions of blood
Books
 c - a book of Maledictions

   Spells                             Type                      Level
   a - Corona                         Hexes                        1
   b - Ensorcelled Hibernation        Hexes/Ice                    2
   c - Confuse                        Hexes                        3
   d - Tukima's Dance                 Hexes                        3
   e - Dazzling Spray                 Conjuration/Hexes            3


   Skills:
 + Level 1.8 Short Blades
 - Level 2.1 Dodging
 * Level 6.8 Stealth
 - Level 2.0 Spellcasting
 - Level 4.4 Hexes


You had 3 spell levels left.
You knew the following spells:

 Your Spells              Type           Power        Failure   Level  Hunger
a - Corona                Hex            ###....      4%          1    #......
b - Ensorcelled Hibernat  Hex/Ice        #.....       19%         2    ###....


Dungeon Overview and Level Annotations

Branches:
Dungeon (2/15)

Altars:
Elyvilon
Hepliaklqana


Innate Abilities, Weirdness & Mutations

You have razor-sharp teeth.
You have supernaturally acute eyesight. (SInv)
You can survive without breathing.


Message History

* * * LOW HITPOINT WARNING * * *
You feel sick. The adder barely misses you.
You barely miss the adder.
The adder is moderately wounded.
The adder bites you but does no damage.
You hit the adder but do no damage.
The adder is moderately wounded.
* * * LOW HITPOINT WARNING * * *
You feel sick. The adder barely misses you.
You completely miss the adder.
The adder is moderately wounded.
* * * LOW HITPOINT WARNING * * *
You feel sick. The adder bites you.
* * * LOW HITPOINT WARNING * * *
The adder closely misses you.
Yummy - fresh blood!
* * * LOW HITPOINT WARNING * * *
You feel sick. The adder closely misses you.
Yummy - fresh blood!
You die...

#.## #..... #.# ##.....## #.#
.........# #.##..##.....#
......##.....#
#.###.###....###############
.............._.............
..#.#.###....####........####
>....(..........@S..........##
....#.###.....###.............
.####.# #.....# ######...####
.# #.# #####.# #...# .####.#
####.##### #)..# .#....#
#........# #...# .#.####
#........# ###....._..
......####........# #.#......
.........#........# #.#......


You could see an adder.

Vanquished Creatures
  2 adders (D:2)
  An ooze (D:1)
  2 worms (D:2)
  A dart slug (D:1)
  2 leopard geckos
  2 goblins (D:1)
  A hobgoblin (D:1)
  5 kobolds
  2 ball pythons
  A bat (D:1)
  2 frilled lizards
  3 rats
24 creatures vanquished.

Notes
Turn   | Place    | Note
-------+----------+-------------------------------------------
     0 | D:1      | dohliylev the Vampire Enchanter began the quest for the Orb.
     0 | D:1      | Reached XP level 1. HP: 13/13 MP: 3/3
   177 | D:1      | Reached skill level 5 in Stealth
   218 | D:1      | Reached XP level 2. HP: 11/19 MP: 3/5
   222 | D:1      | Learned a level 2 spell: Ensorcelled Hibernation
   949 | D:1      | Reached skill level 6 in Stealth
  1057 | D:2      | Reached XP level 3. HP: 24/24 MP: 6/6
  1393 | D:2      | Found a hazy altar of Hepliaklqana.
  1406 | D:2      | Found a white marble altar of Elyvilon.
  1428 | D:2      | HP: 1/24 [poisoned by an adder]
  1429 | D:2      | Succumbed to an adder's poison

Skill      XL: |  1  2 |
---------------+-------+-----
Stealth        | 5 6 |  6.8
Short Blades   | |  1.8
Dodging        | |  2.1
Spellcasting   | |  2.0
Hexes          | |  4.4

Action                   || total
-------------------------++-------
Melee: Dagger            ||    59
       Bite              ||     1
 Cast: Corona            ||     2
       Ensorcelled Hiber ||    14
  Use: Potion            ||     2
 Stab: Sleeping          ||    14
  Eat: Corpse            ||     3
Armor: Robe              ||     5
Dodge: Dodged            ||    42
Block: Buckler           ||     7
